 Dungeon Crawl Stone Soup version 0.31.0-11-ge490571c62 (webtiles) character file.

Game seed: 81242829298885215

52 thirtiethelement the Changeling (level 3, -3/23 HPs)
             Began as an Octopode Shapeshifter on Feb 7, 2024.
             Slain by a gnoll
             ... wielding a +0 flail
              (7 damage)
             ... on level 3 of the Dungeon.
             The game lasted 00:02:32 (1054 turns).

thirtiethelement the Changeling (OpSh)              Turns: 1054, Time: 00:02:33

Health: -3/23      AC:  1    Str: 13    XL:     3   Next: 85%
Magic:  3/3        EV: 13    Int: 12    God:
Gold:   92         SH:  0    Dex: 13    Spells: 2/2 levels left

rFire   . .          .
                       - Unarmed
rCold   . . .        (no shield)
rNeg    . . .        q - melded +1 hat
rPois   .            (no amulet)
rElec   .            (no ring)
rCorr   .            (no ring)
SInv    .            (no ring)
Will    .....        (no ring)
Stlth   ++           (no ring)
HPRegen 0.23/turn    (no ring)
MPRegen 0.08/turn    (no ring)
                     (no ring)

%: no passive effects
@: beast-form
A: beast (slay +2), almost no armour, amphibious, 8 rings, camouflage 1,
gelatinous body 1, (nimble swimmer 1), tentacles
a: Begin Untransformation


You were on level 3 of the Dungeon.
You were a hulking beast.
You visited 1 branch of the dungeon, and saw 3 of its levels.

You collected 92 gold pieces.

Inventory:

Missiles
 j - 4 boomerangs (quivered)
Armour
 q - a +1 hat (melded)
Jewellery
 f - an amulet of faith
Talismans
 b - a beast talisman (active)
 c - a flux talisman
Scrolls
 e - 5 scrolls of identify {unknown}
 g - a scroll of immolation {unknown}
 h - a scroll of amnesia {unknown}
 i - a scroll of fear {unknown}
 l - a scroll of poison {unknown}
 m - a scroll of fog {unknown}
 n - a scroll of blinking {unknown}
 o - a scroll of enchant weapon {unknown}
 p - 2 scrolls of noise {unknown}
 r - a scroll of teleportation {unknown}
Potions
 a - a potion of lignification
 d - a potion of resistance {unknown}
 k - a potion of curing {unknown}


   Skills:
 + Level 1.2 Fighting
 + Level 0.1 Throwing
 + Level 2.1 Dodging
 + Level 0.3 Stealth
 + Level 3.5 Unarmed Combat
 * Level 3.8 Shapeshifting


You had 2 spell levels left.
You didn't know any spells.
Your spell library contained the following spells:

 Spells                   Type           Power      Damage    Failure   Level
 Call Imp                 Summ           0%         N/A       45%         2
 Sublimation of Blood     Necr           0%         N/A       45%         2
 Summon Hydra             Summ           0%         N/A       100%        7


Dungeon Overview and Level Annotations

Branches:
Dungeon (3/15)

Altars:


Innate Abilities, Weirdness & Mutations

You are a hulking beast.
Your limbs bulge with bestial killing power. (Slay +2)
You cannot wear most types of armour.
You are amphibious.
You can wear up to eight rings at the same time.
Your skin changes colour to match your surroundings (Stealth+).
Your rubbery body absorbs attacks. (AC +1, EV +1)
((You are camouflaged when in or above water. (Stealth+)))
You have tentacles for arms and can constrict up to eight enemies at once.


Message History

The gnoll shouts!
You hear a shout!
A gnoll and an orc come into view.
Found 6 gold pieces.
The gnoll shouts!
The orc shouts!
You hear a shout!
A hobgoblin comes into view.
An orc wizard comes into view. It is wielding a +0 dagger.
The gnoll moves out of view.
The orc moves out of view.
A gnoll comes into view. It is wielding a +0 flail.
There is an open door here.
The gnoll moves out of view.
You see here a hobgoblin corpse.
You see here a +0 club.
Throw: 4 boomerangs
Press: ? - help, Q - select action Shift-Dir - straight line, f - gnoll
Aim: a gnoll, wielding a +0 halberd (60% to hit)
You throw a boomerang. The boomerang hits the gnoll.
The gnoll is lightly wounded.
Throw: 4 boomerangs
Press: ? - help, Q - select action Shift-Dir - straight line, f/p - gnoll
Aim: a gnoll, wielding a +0 halberd (lightly wounded, 60% to hit)
You throw a boomerang. The boomerang closely misses the gnoll.
The boomerang hits the orc!
You kill the orc!
The gnoll hits you with a +0 halberd.
You closely miss the gnoll. You grab the gnoll.
The gnoll is lightly wounded.
You constrict the gnoll, but do no damage.
The gnoll hits you with a +0 halberd.
You tentacle-slap the gnoll but do no damage.
The gnoll is lightly wounded.
You constrict the gnoll. The gnoll hits you with a +0 halberd!
Ouch! That really hurt!
* * * LOW HITPOINT WARNING * * *
You tentacle-slap the gnoll.
The gnoll is severely wounded.
You constrict the gnoll. The gnoll barely misses you.
You barely miss the gnoll. You squeeze the gnoll.
You kill the gnoll!
The gnoll hits you with a +0 flail!
You die...

#...... #.# ....... #.#
...o... #.# ....o #.#
.... #.# ..####### #.#
..##....########+## #.#
####..............# #.#
.........†g)...)h.# #.#
.g######.......g..###.#
.... #......##.#.#....#
(....#.####.##.#.#.####
#....#. #.##.#...#
#....# #.##.#.###
.....# #.##.#.# .....#
#.##.#.# ..


You could see 2 gnolls.

Vanquished Creatures
  A gnoll (D:3)
  A ribbon worm (D:3)
  A dart slug (D:1)
  An orc (D:3)
  3 ball pythons (D:1)
  4 endoplasms
  3 giant cockroaches (D:1)
  7 goblins
  6 hobgoblins
  A quokka (D:3)
  4 bats
  2 frilled lizards (D:1)
  5 kobolds
  2 rats
41 creatures vanquished.

Notes
Turn   | Place    | Note
-------+----------+-------------------------------------------
     0 | D:1      | thirtiethelement the Octopode Shapeshifter began the quest
                  | for the Orb.
     0 | D:1      | Reached XP level 1. HP: 13/13 MP: 1/1
     0 | D:1      | Noticed a demonspawn
     0 | D:1      | Noticed an elf
     2 | D:1      | Noticed an octopode
     5 | D:1      | Noticed a merfolk
     7 | D:1      | Noticed a vampire
     9 | D:1      | Noticed a barachi
    13 | D:1      | Noticed a draconian
    15 | D:1      | Noticed a troll
    17 | D:1      | Noticed an oni
    19 | D:1      | Noticed a minotaur
    19 | D:1      | Noticed a troll
    77 | D:1      | Reached XP level 2. HP: 18/18 MP: 2/2
   193 | D:1      | Reached XP level 3. HP: 23/23 MP: 3/3
  1054 | D:3      | Slain by a gnoll

Illustrated notes

Levels and vault maps discovered:
D:1:      shiori_arrival_whats_in_store_for_you, layout_rooms, minmay_vboxes
D:2:      layout_rooms
D:3:      layout_basic, dk_noncrumbling_4

Action                     || total
---------------------------++-------
  Melee: Unarmed           ||    59
         Constrict         ||    13
         Tentacles         ||    11
         Punch             ||     2
  Throw: Boomerang         ||    26
Ability: Begin Untransform ||     1
   Stab: Sleeping          ||     4
 Armour: Skin              ||    21
  Dodge: Dodged            ||    33
   Form: Beast             ||     1
